 Dungeon Crawl Stone Soup version 0.19.1 (webtiles) character file.

150273 Ladykiller69 the Severer (level 18, -1/143 HPs)
             Began as a Formicid Fighter on Dec 24, 2016.
             Was the Champion of Cheibriados.
             Slain by Arachne
             ... wielding an uncursed staff of poison
              (13 damage)
             ... on level 3 of the Spider Nest.
             The game lasted 01:28:08 (29008 turns).

Ladykiller69 the Severer (Formicid Fighter)        Turns: 29008, Time: 01:28:09

Health: -1/143     AC: 22    Str: 38    XL:     18   Next: 15%
Magic:  25/27      EV: 21    Int: 31    God:    Cheibriados [******]
Gold:   2300       SH: 30    Dex: 25    Spells: 1 memorised, 11 levels left

rFire  . . .     SeeInvis +     S - +4 battleaxe
rCold  + . .     Gourm    .     h - +7 scale mail of Modesty {-Cast rN+ Stlth+}
rNeg   + . .     Faith    .     B - +0 large shield
rPois  .         Spirit   .     (helmet unavailable)
rElec  +         Reflect  +     t - +0 cloak
rCorr  .         Harm     .     s - +0 pair of gloves
MR     +++..     NoCast   +     (no boots)
Stlth  ++........               g - +6 amulet of reflection
                                J - ring of protection from cold
                                w - ring of protection from magic

@: very slow
A: permanent stasis, dig shafts and tunnels, four strong arms, antennae 3, thin
metallic scales 1, clever 1, magic resistance 1, screaming 1, shaggy fur 1,
electricity resistance
a: Dig, Shaft Self, Bend Time, Temporal Distortion, Slouch, Step From Time,
Renounce Religion


You were on level 3 of the Spider Nest.
You worshipped Cheibriados.
Cheibriados was exalted by your worship.
You were not hungry.

You visited 4 branches of the dungeon, and saw 27 of its levels.
You visited 1 bazaar.
You also visited: Labyrinth and Ice Cave.

You collected 2785 gold pieces.
You spent 485 gold pieces at shops.

Inventory:

Hand Weapons
 e - a +0 arbalest
 u - a +2 dire flail of holy wrath
 H - a +3 war axe
 S - a +4 battleaxe (weapon)
Missiles
 l - 727 stones
 v - 96 bolts
 M - 41 tomahawks (quivered)
Armour
 h - the +7 scale mail of Modesty (worn) {-Cast rN+ Stlth+}
   (You found it on level 8 of the Dungeon)

   It protects you from negative energy.
   It prevents spellcasting.
   It makes you more stealthy.
 s - a +0 pair of gloves (worn)
 t - a +0 cloak (worn)
 x - a +0 plate armour
 B - a +0 large shield (worn)
Jewellery
 g - a +6 amulet of reflection (around neck)
 w - a ring of protection from magic (left hand)
 D - an uncursed amulet of regeneration
 J - a ring of protection from cold (right hand)
 O - an uncursed ring of protection from magic
 R - an uncursed ring of protection from fire
 U - an uncursed ring of wizardry
 V - an uncursed ring of flight
Wands
 W - a wand of digging (16/24)
Scrolls
 a - 2 scrolls of identify
 i - a scroll of silence
 j - 6 scrolls of fog
 k - 20 scrolls of remove curse
 m - 2 scrolls of vulnerability
 n - 5 scrolls of recharging
 r - 4 scrolls of fear
 y - a scroll of noise
 E - 3 scrolls of enchant weapon
 I - 3 scrolls of magic mapping
 N - 5 scrolls of amnesia
 P - a scroll of enchant armour
 X - 3 scrolls of immolation
Potions
 b - a potion of flight
 d - 2 potions of might
 o - 2 potions of brilliance
 p - 6 potions of invisibility
 A - 3 potions of curing
 C - 2 potions of cancellation
 F - a potion of ambrosia
 Q - 2 potions of lignification
 T - 2 potions of heal wounds
 Y - a potion of agility
Books
 K - a book of Battle

   Spells                             Type                      Level
   a - Infusion                       Charms                       1
   b - Shroud of Golubria             Charms/Translocation         2
   c - Song of Slaying                Charms                       2
   d - Spectral Weapon                Hexes/Charms                 3
   e - Regeneration                   Charms/Necromancy            3
 Z - a book of Callings

   Spells                             Type                      Level
   a - Summon Small Mammal            Summoning                    1
   b - Call Imp                       Summoning                    2
   c - Call Canine Familiar           Summoning                    3
   d - Summon Guardian Golem          Hexes/Summoning              3
   e - Summon Lightning Spire         Summoning/Air                4
   f - Summon Ice Beast               Ice/Summoning                4
Miscellaneous
 c - a lamp of fire
 G - a phantom mirror
Comestibles
 f - 23 bread rations
 q - 2 slices of pizza
 z - 8 meat rations
 L - 30 fruits


   Skills:
 + Level 13.3 Fighting
 * Level 16.9 Axes
 + Level 13.2 Armour
 + Level 10.1 Dodging
 + Level 14.7 Shields
 + Level 13.0 Invocations


You had 11 spell levels left.
You knew the following spells:

 Your Spells              Type           Power        Failure   Level  Hunger
a - Statue Form           Tmut/Erth      #........    100%        6    #######


Dungeon Overview and Level Annotations

Branches:
Dungeon (15/15)              Lair (6/6) D:9           Swamp (0/4) Lair:2
 Spider (4/4) Lair:3        Slime (0/5) Lair:5          Orc (2/2) D:10
    Elf (0/3) Orc:2        Vaults (0/5) D:13         Depths (0/5) D:15
 Temple: D:4-7

Altars:
Ashenzari
Cheibriados
Fedhas
Gozag
Hepliaklqana
Kikubaaqudgha
Makhleb
Nemelex Xobeh
Okawaru
Sif Muna
Beogh
Jiyva

Shops:
D:12 *   Orc:1 ?   Orc:2 ?*(%

Annotations:
Lair:6 exclusion: oklob plant
Spider:3 Arachne


Innate Abilities, Weirdness & Mutations

You are under a permanent stasis effect.
You can dig through walls and to a lower floor.
Your four strong arms can wield two-handed weapons with a shield.
You have a pair of large antennae on your head. (SInv)
You are partially covered in thin metallic scales. (AC +2)
Your mind is acute. (Int +2)
You are resistant to hostile enchantments. (MR+)
You occasionally shout uncontrollably at your foes.
You are covered in fur. (AC +1)
You are resistant to electric shocks. (rElec)


Message History

You feel better.
Arachne points her staff at you, shooting a stream of webbing.
The stream of webbing misses you.
You slice Arachne!!
Arachne is severely wounded.
Arachne casts a spell at you. The bolt of poison hits you!
You are poisoned.
* * * LOW HITPOINT WARNING * * *
You closely miss Arachne.
Arachne is severely wounded.
You feel sick. Arachne casts a spell at you. The bolt of poison hits you!
You are more poisoned.
* * * LOW HITPOINT WARNING * * *
You feel better.
Arachne says, "Come to my web."
Arachne hits you with a staff of poison!
You die...

#...###..####...^.....# ##.^.##
..### ##.##...........###.....#
..# #.#^..........#.#......##
### ##............##........#
#.^.........###)......## #
#.......^...# #........# ###
####.#........###........#
..#####....###.....###.........#
.#^..#......###†@H.##.........##
#.#..........####..#.#........#
.##...........#####.#.........#
##..............##.##.........#
#................#.###.......##
.................##.#####....#
.................###..#####..##
.#..............###...........#
.###............###...........#


You could see Arachne.

Vanquished Creatures
  An orc warlord (Orc:2)
  A fire giant (D:15)
  A ghost moth (Spider:3)
  3 emperor scorpions
  The ghost of Vedraith the Fencer, a journeyman MiFi of Okawaru (Spider:1)
  3 entropy weavers
  A spark wasp (Spider:3)
  A minotaur (Lab)
  A fire dragon (Lair:6)
  The ghost of shugdite the Blocker, a journeyman MiFi of Okawaru (D:11)
  The ghost of Trampli the Carver, a journeyman MiBe of Trog (Orc:2)
  6 hydras
  2 ice dragons (IceCv)
  The ghost of Squonk the Frost Mage, a journeyman DrIE of Sif Muna (D:11)
  A catoblepas (D:15)
  5 centaur warriors
  4 ogre magi (Orc:2)
  A death knight (D:14)
  9 death yaks
  2 orc high priests (Orc:1)
  A deep elf knight (D:15)
  A fire crab (Lair:6)
  The ghost of Cyber the Covert, a novice SpEn of Dithmenos (Lair:1)
  6 unseen horrors
  An orange crystal statue (D:12)
  18 wolf spiders
  5 hill giants
  11 orb spiders
  A necromancer (D:13)
  4 orc sorcerers
  3 deep elf magi (D:15)
  15 ugly things (D:15)
  4 cyclopes
  4 manticores
  11 elephants (Lair:4)
  2 moths of wrath (Spider:3)
  7 black mambas
  2 torpor snails
  2 centaur zombies (D:12)
  3 molten gargoyles (Lair:6)
  4 gargoyles
  10 spiny frogs
  3 centaur skeletons
  2 ice statues (IceCv)
  13 komodo dragons
  A tengu conjurer (D:11)
  3 freezing wraiths (D:14)
  12 demonic crawlers
  6 rime drakes
  A queen bee (D:12)
  A wolf spider simulacrum (D:15)
  2 hornets
  13 two-headed ogres
  2 minotaur zombies (Lab)
  6 meliai
  6 trolls
  22 jumping spiders
  3 polar bears (Lair:5)
  7 slime creatures (D:13)
  25 blink frogs
  A meliai zombie (D:14)
  12 hippogriffs
  7 dream sheep (Lair:6)
  4 shadows
  Sigmund (D:2)
  A spriggan (D:12)
  24 tarantellas
  72 redbacks
  A water elemental (D:12)
  7 wyverns
  A wraith (D:14)
  32 yaks
  A vampire (D:13)
  A steam dragon (Lair:6)
  A tarantella (shapeshifter) (D:14)
  A hungry ghost (D:11)
  6 vampire mosquitoes
  4 basilisks
  A mottled dragon (D:13)
  3 swamp worms (Lair:2)
  2 wargs
  7 porcupines
  12 water moccasins
  4 hell hounds (Lair:6)
  17 orc warriors
  20 ice beasts
  2 black bears
  32 ogres
  4 sky beasts
  An eye of draining (D:8)
  7 boggarts
  A wolf (Lair:5)
  7 centaurs
  5 crocodiles
  2 big kobolds
  Blork the orc (D:4)
  14 bullfrogs
  2 wyvern skeletons
  A hornet simulacrum (D:12)
  29 killer bees
  16 wights
  3 electric eels
  3 howler monkeys
  5 crimson imps
  5 lava snakes (Lair:6)
  3 quasits
  7 hounds
  6 jellies
  17 orc wizards
  24 orc priests
  4 iguanas
  2 bullfrog skeletons
  Natasha (D:2)
  8 worker ants
  2 worker ant zombies
  Robin (D:2)
  15 adders
  4 shadow imps
  2 adder zombies (D:5)
  2 oozes
  4 adder skeletons
  3 worms
  2 dart slugs
  7 leopard geckos
  104 orcs
  3 ball pythons
  2 giant cockroaches
  13 goblins
  8 hobgoblins
  7 jackals
  13 kobolds
  3 quokkas
  7 bats
  7 frilled lizards
  A jackal skeleton (D:6)
  A leopard gecko skeleton (D:8)
  A quokka zombie (D:5)
  9 rats
  4 fungi
  A plant (Lair:6)
971 creatures vanquished.

Vanquished Creatures (others)
  A jumping spider (Spider:2)
  A redback (Spider:3)
  A centaur (D:13)
  2 orcs
  A kobold (D:14)
  18 fungi
  2 plants (Lair:6)
26 creatures vanquished.

Grand Total: 997 creatures vanquished

Notes
Turn   | Place    | Note
-------+----------+-------------------------------------------
     0 | D:1      | Ladykiller69 the Formicid Fighter began the quest for the Orb.
     0 | D:1      | Reached XP level 1. HP: 18/18 MP: 1/1
    86 | D:1      | Reached XP level 2. HP: 16/24 MP: 2/2
   402 | D:1      | Reached XP level 3. HP: 29/29 MP: 3/3
   638 | D:2      | Found a hazy altar of Hepliaklqana.
   843 | D:2      | Reached XP level 4. HP: 29/37 MP: 4/4
   980 | D:2      | Noticed Sigmund
  1000 | D:2      | Killed Sigmund
  1000 | D:2      | Reached skill level 3 in Axes
  1000 | D:2      | Reached XP level 5. HP: 23/42 MP: 5/5
  1000 | D:2      | Reached XP level 6. HP: 27/48 MP: 6/6
  1105 | D:2      | Noticed Robin
  1116 | D:2      | Killed Robin
  1134 | D:2      | Reached skill level 5 in Shields
  1147 | D:2      | Found a sparkling altar of Nemelex Xobeh.
  1369 | D:2      | Noticed Natasha
  1383 | D:2      | Killed Natasha
  1383 | D:2      | Reached skill level 4 in Axes
  1708 | D:3      | HP: 2/49 [orc priest/divine providence (11)]
  1714 | D:3      | Gained mutation: You occasionally shout uncontrollably at your foes. [potion of mutation]
  1714 | D:3      | Gained mutation: Your mind is acute. (Int +2) [potion of mutation]
  1714 | D:3      | Gained mutation: You are partially covered in thin metallic scales. (AC +2) [potion of mutation]
  2573 | D:3      | Reached XP level 7. HP: 29/55 MP: 7/7
  3061 | D:4      | Reached skill level 5 in Fighting
  3357 | D:4      | Noticed Blork the orc
  3371 | D:4      | Reached skill level 5 in Axes
  3371 | D:4      | Reached skill level 5 in Armour
  3375 | D:4      | Killed Blork the orc
  3375 | D:4      | Reached XP level 8. HP: 57/63 MP: 8/8
  3476 | D:4      | Found an iron altar of Okawaru.
  4061 | D:5      | Entered Level 5 of the Dungeon
  4072 | D:5      | Reached skill level 6 in Axes
  4246 | D:5      | Found a shattered altar of Ashenzari.
  4505 | D:5      | Found a snail-covered altar of Cheibriados.
  4580 | D:5      | Became a worshipper of Cheibriados the Contemplative
  4653 | D:5      | HP: 1/64 [acid (3)]
  4950 | D:5      | Reached XP level 9. HP: 64/69 MP: 9/9
  5304 | D:6      | Reached skill level 7 in Axes
  5516 | D:6      | Reached * piety under Cheibriados
  5955 | D:7      | Reached skill level 8 in Axes
  6062 | D:7      | Noticed a gargoyle
  6084 | D:7      | Killed a gargoyle
  6360 | D:7      | Found an ancient bone altar of Kikubaaqudgha.
  6367 | D:7      | You fall through a shaft!
  6428 | D:8      | Gained mutation: You evolve. [potion of beneficial mutation]
  6667 | D:8      | Found a blossoming altar of Fedhas.
  6741 | D:8      | Reached skill level 9 in Axes
  6746 | D:8      | Reached ** piety under Cheibriados
  6767 | D:8      | Reached skill level 1 in Invocations
  6771 | D:8      | Reached XP level 10. HP: 71/77 MP: 9/11
  6857 | D:7      | Reached skill level 1 in Dodging
  7023 | D:8      | Found a deep blue altar of Sif Muna.
  7235 | D:8      | Found an opulent altar of Gozag.
  7264 | D:8      | Got an ancient scale mail
  7271 | D:8      | Gained mutation: You are covered in fur. (AC +1) [evolution]
  7275 | D:8      | Identified the +7 scale mail of Modesty {-Cast rN+ Stlth+} (You found it on level 8 of the Dungeon)
  7550 | D:9      | You fall through a shaft for 3 floors!
  7670 | D:11     | Noticed Squonk's ghost (journeyman DrIE)
  7958 | D:11     | Killed Squonk's ghost
  7958 | D:11     | Reached *** piety under Cheibriados
  8279 | D:11     | Noticed an unseen horror
  8287 | D:11     | Killed an unseen horror
  8287 | D:11     | Reached skill level 10 in Axes
  8289 | D:10     | Entered Level 10 of the Dungeon
  8450 | D:9      | Reached XP level 11. HP: 76/84 MP: 14/14
  8493 | D:9      | Found a staircase to the Lair.
  8659 | D:9      | Found a burning altar of Makhleb.
  8703 | D:9      | Reached **** piety under Cheibriados
  8833 | D:9      | Found a roughly hewn altar of Beogh.
  9201 | D:10     | Reached skill level 5 in Invocations
  9251 | D:10     | Reached ***** piety under Cheibriados
  9410 | D:10     | Found a staircase to the Orcish Mines.
  9602 | Lair:1   | Entered Level 1 of the Lair of Beasts
  9644 | Lair:1   | Noticed Cyber's ghost (novice SpEn)
  9649 | Lair:1   | Killed Cyber's ghost
  9754 | Lair:1   | Reached skill level 11 in Axes
  9886 | Lair:1   | Reached skill level 10 in Shields
 10016 | Lair:1   | Reached XP level 12. HP: 94/94 MP: 16/16
 10138 | Lair:1   | Gained mutation: You are resistant to electric shocks. (rElec) [evolution]
 10588 | Lair:2   | Found a frozen archway.
 10608 | IceCv    | Entered an ice cave
 11126 | IceCv    | Noticed an ice dragon
 11129 | IceCv    | Noticed an ice dragon
 11142 | IceCv    | Killed an ice dragon
 11142 | IceCv    | Reached skill level 5 in Dodging
 11155 | IceCv    | Killed an ice dragon
 11155 | IceCv    | Reached skill level 12 in Axes
 11440 | IceCv    | Got a clouded iron ring
 11456 | IceCv    | Got an ancient turquoise ring
 11457 | IceCv    | Identified the ring of Unay {Fire *Contam +Inv rN+} (You found it in an ice cave)
 11459 | IceCv    | Identified the ring of Ugoeruklex {rF- rN+ MR++ Str+6} (You found it in an ice cave)
 11495 | IceCv    | Gained mutation: Your magical capacity is low. (-10% MP) [mutagenic glow]
 11681 | Lair:2   | Lost mutation: Your magical capacity is low. (-10% MP) [evolution]
 11681 | Lair:2   | Lost mutation: You evolve. [end of evolution]
 11832 | Lair:2   | Found a staircase to the Swamp.
 12633 | Lair:3   | Reached XP level 13. HP: 101/101 MP: 18/18
 12696 | Lair:3   | Noticed a seven-headed hydra
 12716 | Lair:3   | Found a hole to the Spider Nest.
 12730 | Lair:3   | Reached ****** piety under Cheibriados
 13206 | Lair:3   | Killed a seven-headed hydra
 14073 | Lair:4   | Noticed a four-headed hydra
 14084 | Lair:4   | Killed a four-headed hydra
 14196 | Lair:4   | Reached skill level 13 in Axes
 14687 | Lair:4   | Reached skill level 10 in Armour
 14694 | Lair:4   | Reached skill level 10 in Fighting
 15094 | Lair:5   | Found a viscous altar of Jiyva.
 15095 | Lair:5   | Found a staircase to the Slime Pits.
 15205 | Lair:5   | Noticed an eight-headed hydra
 15218 | Lair:5   | Killed an eight-headed hydra
 15218 | Lair:5   | Reached XP level 14. HP: 100/110 MP: 20/20
 15909 | Lair:6   | Entered Level 6 of the Lair of Beasts
 16198 | Lair:6   | Found a large runed door.
 16204 | Lair:6   | Found a large runed door.
 16213 | Lair:6   | Reached skill level 14 in Axes
 16718 | Lair:6   | Reached skill level 10 in Invocations
 16999 | Lair:6   | Reached XP level 15. HP: 107/117 MP: 22/22
 17053 | Lair:6   | Gained mutation: You are resistant to hostile enchantments. (MR+) [potion of beneficial mutation]
 17722 | Orc:1    | Entered Level 1 of the Orcish Mines
 18172 | Orc:1    | Found Dum Deoh's Magic Scroll Emporium.
 18337 | Orc:1    | Found a roughly hewn altar of Beogh.
 18566 | Orc:2    | Entered Level 2 of the Orcish Mines
 18566 | Orc:2    | Found a labyrinth entrance.
 18566 | Orc:2    | Noticed Trampli's ghost (journeyman MiBe)
 18593 | Orc:2    | Killed Trampli's ghost
 18620 | Lab      | Entered a labyrinth
 19017 | Lab      | Got a translucent hand axe
 19018 | Lab      | Identified the +8 hand axe "Boefoten" {protect, rElec rF+ SInv Stlth+} (You found it in a labyrinth)
 19045 | Orc:2    | Found a roughly hewn altar of Beogh.
 19181 | Orc:2    | Reached skill level 15 in Axes
 19187 | Orc:2    | Found Giocinah's Magic Scroll Boutique.
 19187 | Orc:2    | Found Paamacota's Assorted Antiques.
 19188 | Orc:2    | Found Xekk's Antique Weapon Emporium.
 19188 | Orc:2    | Found Ysigoxif's Food Shop.
 19304 | Orc:2    | Noticed an orc warlord
 19329 | Orc:2    | Killed an orc warlord
 19509 | Orc:2    | Found a staircase to the Elven Halls.
 19861 | D:11     | Noticed shugdite's ghost (journeyman MiFi)
 20085 | Lair:1   | Learned a level 6 spell: Statue Form
 20286 | D:11     | Killed shugdite's ghost
 20544 | D:12     | Found Ruthreh's Island Escapes.
 20893 | D:12     | Reached XP level 16. HP: 39/127 MP: 24/24
 21222 | D:12     | Found a gateway to a bazaar.
 21251 | Bazaar   | Entered a bazaar
 21255 | Bazaar   | Found Vesiw's Jewellery Boutique.
 21273 | Bazaar   | Found Oxzad's Antique Weapon Shoppe.
 21290 | Bazaar   | Found Dyguemue's Book Boutique.
 21307 | Bazaar   | Found Rimiunar's Magic Scroll Emporium.
 21377 | Bazaar   | Bought a book of Battle for 400 gold pieces
 21392 | Bazaar   | Bought a scroll of enchant armour for 67 gold pieces
 21424 | Bazaar   | Bought a scroll of identify for 18 gold pieces
 21969 | D:13     | Found a gate to the Vaults.
 23325 | D:15     | Entered Level 15 of the Dungeon
 23551 | D:15     | Found a staircase to the Depths.
 23552 | D:15     | Noticed a fire giant
 23744 | D:15     | Found a snail-covered altar of Cheibriados.
 24294 | D:15     | Reached skill level 16 in Axes
 24378 | D:15     | Killed a fire giant
 24483 | D:13     | Reached XP level 17. HP: 135/135 MP: 26/26
 24631 | Spider:1 | Entered Level 1 of the Spider Nest
 24690 | Spider:1 | Noticed Vedraith's ghost (journeyman MiFi)
 24713 | Spider:1 | Killed Vedraith's ghost
 27330 | Spider:3 | Reached skill level 10 in Dodging
 27846 | Spider:3 | Reached XP level 18. HP: 143/143 MP: 27/27
 28418 | Spider:4 | Entered Level 4 of the Spider Nest
 28423 | Spider:4 | Noticed Arachne
 29007 | Spider:3 | HP: 6/143 [Arachne/bolt of poison (27)]
 29008 | Spider:3 | Slain by Arachne

Skill      XL: |  1  2  3  4  5  6  7  8  9 10 11 12 13 14 15 16 17 18 |
---------------+-------------------------------------------------------+-----
Shields        | 4 5 6 8 9 10 11 12 13 14 | 14.7
Fighting       | 4 5 6 7 8 9 10 11 12 13 | 13.3
Axes           | 3 4 5 6 9 10 11 12 13 14 15 16 | 16.9
Armour         | 4 5 6 7 8 9 10 11 12 13 | 13.2
Invocations    | 1 4 5 7 8 10 11 12 13 | 13.0
Dodging        | 2 4 5 6 7 8 9 10 | 10.1

Action                   |  1- 3 |  4- 6 |  7- 9 | 10-12 | 13-15 | 16-18 || total
-------------------------+-------+-------+-------+-------+-------+-------++-------
Melee: War axe           |    84 |   147 |   443 |   654 |   851 |       ||  2179
       Scimitar          |       |       |     2 |       |       |       ||     2
       Dire flail        |       |       |       |       |    31 |    13 ||    44
       Hand axe          |       |       |       |       |   349 |   281 ||   630
       Battleaxe         |       |       |       |       |       |   830 ||   830
Throw: Tomahawk          |       |       |       |       |     3 |     2 ||     5
Invok: Slouch            |       |       |       |       |     1 |     2 ||     3
       Bend Time         |       |       |       |       |     1 |     1 ||     2
 Abil: Dig               |       |     9 |    13 |     8 |    32 |    15 ||    77
  Use: Potion            |       |     5 |     3 |     3 |     2 |     3 ||    16
       Scroll            |       |       |    12 |     4 |     6 |     4 ||    26
 Stab: Distracted        |       |       |       |     3 |     2 |     2 ||     7
       Sleeping          |       |       |       |     2 |     7 |     3 ||    12
  Eat: Chunk             |       |     6 |    15 |     8 |    19 |    17 ||    65
       Beef jerky        |       |       |       |     1 |       |       ||     1
       Royal jelly       |       |       |       |       |     1 |       ||     1
       Bread ration      |       |       |       |       |       |     1 ||     1
Armor: Scale mail        |    31 |    42 |   152 |   109 |   170 |   227 ||   731
Dodge: Dodged            |    26 |    49 |   113 |   137 |   254 |   420 ||   999
Block: Shield            |    28 |    83 |   294 |   219 |       |       ||   624
       Reflection        |       |       |     3 |    14 |    12 |    22 ||    51
       Large shield      |       |       |       |   387 |  1346 |  1500 ||  3233
